 Dungeon Crawl Stone Soup version 0.29.0-4-gdea44cf6ec (webtiles) character file.

Game seed: 8937692929413111009

2388 qw the Cleaver (level 9, -1/54 HPs)
             Began as a Tengu Warper on Aug 28, 2022.
             Blown up by Pikel (17 damage)
             ... with a mindburst bolt
             ... on level 8 of the Dungeon.
             The game lasted 00:00:50 (8380 turns).

qw the Cleaver (Tengu Warper)                       Turns: 8380, Time: 00:00:50

Health: -1/54      AC: 11    Str: 15    XL:     9   Next: 46%
Magic:  13/13      EV: 14    Int: 14    God:
Gold:   444        SH: 10    Dex: 14    Spells: 12/12 levels left

rFire   . . .      SeeInvis .   Y - +3 hand axe (freeze)
rCold   + . .      Faith    .   o - +0 buckler
rNeg    + + .      Spirit   .   n - +4 ring mail of Ru's Delight {+Blink rC+ Stlth+}
rPois   .          Reflect  +   (helmet restricted)
rElec   +          Harm     .   (no cloak)
rCorr   .          Rampage  +   a - +1 pair of gloves of Crawling {Rampage rElec rN+}
Will    .....                   (boots unavailable)
Stlth   ++........              g - amulet of reflection
HPRegen 0.18/turn               i - ring of positive energy
MPRegen 0.13/turn               (no ring)

@: flying quickly and evasively, quick
A: beak, talons 3, nimble flight
a: Evoke Blink


You were on level 8 of the Dungeon.
You visited 2 branches of the dungeon, and saw 9 of its levels.

You collected 444 gold pieces.


Innate Abilities, Weirdness & Mutations

You have a beak for a mouth.
You have claws for feet.
Your magical nature lets you fly swiftly and evasively.


   Skills:
 - Level 5.0 Fighting
 + Level 11.0 Axes
 - Level 3.0 Throwing
 - Level 2.1 Armour
 - Level 4.1 Dodging
 - Level 3.0 Shields
 - Level 2.0 Spellcasting
 - Level 2.4 Translocations


You had 12 spell levels left.
You didn't know any spells.
Your spell library contained the following spells:

 Spells                   Type           Power      Damage    Failure   Level
 Blink                    Tloc           16%        N/A       34%         2
 Gell's Gravitas          Tloc           8%         N/A       56%         3
 Lesser Beckoning         Tloc           8%         N/A       56%         3
 Teleport Other           Tloc           8%         N/A       56%         3
 Manifold Assault         Tloc           8%         N/A       99%         5

Inventory:

Hand Weapons
 p - a +2 flail
 Y - a +3 hand axe of freezing (weapon)
Armour
 a - the +1 pair of gloves of Crawling (worn) {Rampage rElec rN+}
   (You acquired it on level 2 of the Dungeon)

   rElec:     It insulates you from electricity.
   rN:        It protects you from negative energy.
   Rampage:   It bestows one free step when moving towards enemies.
 d - a +0 chain mail
 k - a +1 ring mail of fire resistance
 n - the +4 ring mail of Ru's Delight (worn) {+Blink rC+ Stlth+}
   (You found it on level 3 of the Dungeon)

   rC:        It protects you from cold.
   +Blink:    It lets you blink.
   Stlth:     It makes you more stealthy.
 o - a +0 buckler (worn)
Jewellery
 g - an amulet of reflection (around neck)
 i - a ring of positive energy (left hand)
Scrolls
 e - 5 scrolls of identify
Potions
 b - 2 potions of curing
 f - a potion of resistance
 m - a potion of might

Dungeon Overview and Level Annotations

Branches:
Dungeon (8/15)             Temple (1/1) D:6
   Lair: D:8-11

Altars:
Cheibriados
Dithmenos
Fedhas
Gozag
Hepliaklqana
Kikubaaqudgha
Makhleb
Nemelex Xobeh
Qazlal
Sif Muna
Trog
Uskayaw
Vehumet
Wu Jian
Xom
Zin
The Shining One

Shops:
D:1 (   D:3 [

Annotations:
D:8 Pikel


Message History

You block the lemure's attack. The lemure closely misses you.
A gnoll comes into view. It is wielding a +0 flail.
You block Pikel's attack.
You miss the lemure. Your peck misses the lemure.
The lemure is almost dead.
You completely miss Pikel. You closely miss the lemure.
The lemure hits you but does no damage. The lemure closely misses you.
You block Pikel's attack.
You closely miss the lemure.
The lemure is almost dead.
You slash Pikel! You freeze Pikel. You hit the lemure. You freeze the lemure.
You hit the lemure. You freeze the lemure.
You kill the lemure!
That felt strangely unrewarding.
You hit Pikel. You freeze Pikel. You barely miss the lemure.
The lemure hits you but does no damage.
Pikel hits you with a +2 whip of flaming.
Pikel burns you.
You hit Pikel. You freeze Pikel. You claw Pikel. Your peck misses Pikel.
Pikel is severely wounded.
You closely miss the lemure.
A gnoll comes into view. It is wielding a +0 spear.
The gnoll sergeant completely misses you.
The lemure hits you! You block Pikel's attack.
The gnoll shouts!
You hit Pikel. You freeze Pikel. Your kick misses Pikel.
Pikel is severely wounded.
You hit the lemure. You freeze the lemure.
You block the gnoll sergeant's attack. The lemure closely misses you.
Pikel misses you. The gnoll closely misses you.
You closely miss Pikel. You claw Pikel. You peck Pikel, but do no damage.
Pikel is almost dead.
You hit the lemure. You freeze the lemure. You hit Pikel. You freeze Pikel.
You claw Pikel, but do no damage. You peck Pikel, but do no damage.
Pikel is almost dead.
You hit the lemure but do no damage. You block the gnoll sergeant's attack.
The lemure misses you.
Pikel zaps a wand.
Your mind is blasted!
You die...

...####.##
..........#
..........#
#........#
#.......# .
#.......## ...
###......##....
###....><.Kg.....
.........@5gg.(..
.<.....)...#....#
..............g(.
....#.#...####...
##. ###.#.# #
#.#.# #....
#.....


You could see Pikel, a lemure, a gnoll sergeant and 3 gnolls.

Vanquished Creatures
  Maggie (D:7)
  Duvessa (D:4)
  An ice beast (D:7)
  3 ogres
  2 centaurs
  3 lemures (D:8)
  A phantom (D:6)
  A kobold brigand (D:6)
  3 bullfrogs
  2 necrophages
  4 scorpions
  4 wights (D:7)
  Dowan (D:4)
  A killer bee (D:7)
  A hound (D:4)
  A jelly (D:7)
  A gnoll bouda (D:6)
  3 iguanas
  15 gnolls
  10 adders
  2 white imps (D:7)
  2 ufetubi
  3 worms
  2 dart slugs
  7 orcs
  4 ball pythons
  2 bats (D:3)
  4 endoplasms
  9 giant cockroaches
  6 hobgoblins
  2 jackals (D:3)
  10 kobolds
  4 quokkas
  5 frilled lizards
  4 goblins
  4 rats
129 creatures vanquished.

Vanquished Creatures (others)
  12 plants
12 creatures vanquished.

Grand Total: 141 creatures vanquished

Notes
Turn   | Place    | Note
-------+----------+-------------------------------------------
     0 | D:1      | qw the Tengu Warper began the quest for the Orb.
     0 | D:1      | Reached XP level 1. HP: 12/12 MP: 4/4
     0 | D:1      | 0 ||| qw: Version: 0.1-a-89-g26bdef1
     0 | D:1      | 0 ||| qw: Game counter: 1902
     0 | D:1      | 0 ||| qw: Always use a shield: true
     0 | D:1      | 0 ||| qw: God list: Okawaru
     0 | D:1      | 0 ||| qw: Allow faded altars: false
     0 | D:1      | 0 ||| qw: Do Orc after D:15 true
     0 | D:1      | 0 ||| qw: Do second Lair branch before Depths: true
     0 | D:1      | 0 ||| qw: Lair rune preference: random
     0 | D:1      | 0 ||| qw: Plans: Normal
     0 | D:1      | 0 ||| PLANNING D:1-11
    62 | D:1      | Found Livobig's Antique Weapon Shop.
    82 | D:1      | 82 ||| SHOPLISTING club (21 gold, have 11).
    82 | D:1      | 82 ||| SHOPLISTING runed whip (115 gold, have 11).
   135 | D:1      | Reached skill level 3 in Axes
   135 | D:1      | Reached XP level 2. HP: 17/17 MP: 6/6
   312 | D:1      | Found a faded altar of an unknown god.
   606 | D:1      | 606 ||| Stepping ~*~*~tactically~*~*~ (stealth).
   619 | D:1      | HP: 4/17 [kobold/+0 club (3)]
   621 | D:1      | HP: 1/17 [kobold/+0 short sword (3)]
   631 | D:1      | 631 ||| Stepping ~*~*~tactically~*~*~ (stealth).
   860 | D:1      | Reached XP level 3. HP: 16/21 MP: 7/7
  1206 | D:1      | 1206 ||| UPGRADING to amulet of reflection.
  1211 | D:1      | 1211 ||| UPGRADING to ring of positive energy.
  1212 | D:1      | 1212 ||| READING scroll labelled XOCSI ORHAEROB.
  1213 | D:1      | 1213 ||| READING 4 scrolls labelled EFFAMUJ ANEODDA.
  1214 | D:1      | 1214 ||| READING 2 scrolls labelled RENOXZ ZIAC.
  1215 | D:1      | 1215 ||| DRINKING 2 pink potions.
  1216 | D:1      | 1216 ||| READING 3 scrolls of identify.
  1216 | D:1      | 1216 ||| IDENTIFYING fizzy green potion
  1217 | D:1      | 1217 ||| DROPPING scroll of blinking.
  1218 | D:1      | 1218 ||| DROPPING scroll of immolation.
  1287 | D:2      | Reached skill level 4 in Axes
  1341 | D:2      | 1341 ||| DROPPING +0 club.
  1395 | D:2      | 1395 ||| Stepping ~*~*~tactically~*~*~ (stealth).
  1398 | D:2      | 1398 ||| Stepping ~*~*~tactically~*~*~ (stealth).
  1689 | D:2      | 1689 ||| READING scroll labelled ACIENALUTA.
  1693 | D:2      | 1693 ||| READING scroll labelled KEOQAOMAAGI.
  1693 | D:2      | Identified a scroll of acquirement
  1693 | D:2      | 1693 ||| ACQUIRING +1 pair of gloves of Crawling {Rampage
                  | rElec rN+}
  1693 | D:2      | Acquired the +1 pair of gloves of Crawling {Rampage rElec
                  | rN+}
  1695 | D:2      | 1695 ||| UPGRADING to +1 pair of gloves of Crawling
                  | {Rampage rElec rN+}.
  1700 | D:2      | 1700 ||| READING scroll labelled KIFEET CYLI.
  1701 | D:2      | 1701 ||| READING 3 scrolls of identify.
  1701 | D:2      | 1701 ||| IDENTIFYING lumpy emerald potion
  1702 | D:2      | 1702 ||| DROPPING potion of degeneration.
  1734 | D:3      | Reached XP level 4. HP: 13/26 MP: 8/8
  2067 | D:3      | 2067 ||| DROPPING +0 whip.
  2187 | D:3      | 2187 ||| Stepping ~*~*~tactically~*~*~ (stealth).
  2193 | D:3      | 2193 ||| Stepping ~*~*~tactically~*~*~ (stealth).
  2240 | D:3      | 2240 ||| SWAPPING to +2 hand axe of freezing.
  2241 | D:3      | 2241 ||| DROPPING +0 hand axe.
  2291 | D:3      | Reached skill level 5 in Axes
  2501 | D:3      | Found a glowing silver altar of Zin.
  2757 | D:3      | Found Xocoebir's Antique Armour Boutique.
  2772 | D:3      | 2772 ||| SHOPLISTING buckler (139 gold, have 132).
  2772 | D:3      | 2772 ||| SHOPLISTING cloak (139 gold, have 132).
  2822 | D:3      | Gained mutation: Your magical nature lets you fly swiftly
                  | and evasively. [Tengu growth]
  2822 | D:3      | Reached XP level 5. HP: 30/30 MP: 9/9
  2823 | D:3      | Identified the +4 ring mail of Ru's Delight {+Blink rC+
                  | Stlth+}
  2856 | D:3      | Found a hide-covered altar of Uskayaw.
  3183 | D:3      | Found an opulent altar of Gozag.
  3187 | D:3      | 3187 ||| UPGRADING to +0 chain mail.
  3197 | D:3      | 3197 ||| DROPPING +0 leather armour.
  3198 | D:3      | 3198 ||| UPGRADING to +4 ring mail of Ru's Delight {+Blink
                  | rC+ Stlth+}.
  3208 | D:3      | 3208 ||| UPGRADING to +0 buckler.
  3213 | D:3      | 3213 ||| DROPPING ring of wizardry.
  3244 | D:4      | Reached skill level 1 in Shields
  3254 | D:4      | Reached skill level 6 in Axes
  3274 | D:4      | Noticed an ogre
  3283 | D:4      | HP: 4/30 [ogre/+0 giant club (26)]
  3284 | D:4      | 3284 ||| READING 3 scrolls of teleportation.
  3285 | D:4      | 3285 ||| DRINKING potion of heal wounds.
  3286 | D:4      | Found a stormy altar of Qazlal.
  3336 | D:4      | Found a hazy altar of Hepliaklqana.
  3337 | D:4      | 3337 ||| Stepping ~*~*~tactically~*~*~ (stealth).
  3339 | D:4      | 3339 ||| Stepping ~*~*~tactically~*~*~ (stealth).
  3341 | D:4      | 3341 ||| Stepping ~*~*~tactically~*~*~ (stealth).
  3354 | D:4      | 3354 ||| Stepping ~*~*~tactically~*~*~ (stealth).
  3378 | D:4      | Killed an ogre
  3379 | D:4      | Reached skill level 7 in Axes
  3379 | D:4      | Reached XP level 6. HP: 35/35 MP: 10/10
  3573 | D:4      | 3573 ||| Stepping ~*~*~tactically~*~*~ (stealth).
  3575 | D:4      | 3575 ||| Stepping ~*~*~tactically~*~*~ (stealth).
  3588 | D:4      | 3588 ||| DROPPING +1 mace of draining.
  3618 | D:4      | 3618 ||| Stepping ~*~*~tactically~*~*~ (stealth).
  3619 | D:4      | 3619 ||| Stepping ~*~*~tactically~*~*~ (stealth).
  3635 | D:4      | 3635 ||| Stepping ~*~*~tactically~*~*~ (hiding).
  3639 | D:4      | Reached skill level 3 in Fighting
  3732 | D:4      | 3732 ||| Stepping ~*~*~tactically~*~*~ (stealth).
  3735 | D:4      | 3735 ||| Stepping ~*~*~tactically~*~*~ (stealth).
  3876 | D:4      | Noticed Dowan
  3877 | D:4      | Noticed Duvessa
  3892 | D:4      | HP: 9/37 [Duvessa/+0 rapier (2)]
  3893 | D:4      | 3893 ||| READING 4 scrolls of teleportation.
  3897 | D:4      | Killed Duvessa
  3898 | D:4      | Reached skill level 3 in Shields
  3898 | D:4      | Reached XP level 7. HP: 10/41 MP: 11/11
  4137 | D:4      | Found a sparkling altar of Nemelex Xobeh.
  4169 | D:4      | Killed Dowan
  4290 | D:4      | 4290 ||| READING scroll labelled VOSSUPPITU.
  4291 | D:4      | 4291 ||| READING scroll labelled EFIRE RETIEHOU.
  4292 | D:4      | 4292 ||| DRINKING 2 fizzy dark potions.
  4321 | D:5      | Entered Level 5 of the Dungeon
  4411 | D:5      | 4411 ||| Stepping ~*~*~tactically~*~*~ (stealth).
  4412 | D:5      | 4412 ||| Stepping ~*~*~tactically~*~*~ (stealth).
  4413 | D:5      | 4413 ||| Stepping ~*~*~tactically~*~*~ (stealth).
  4414 | D:5      | 4414 ||| Stepping ~*~*~tactically~*~*~ (stealth).
  4415 | D:5      | 4415 ||| Stepping ~*~*~tactically~*~*~ (stealth).
  4555 | D:5      | Reached skill level 8 in Axes
  4574 | D:5      | Found a snail-covered altar of Cheibriados.
  4705 | D:5      | Reached skill level 3 in Dodging
  4705 | D:5      | Reached XP level 8. HP: 46/46 MP: 12/12
  4840 | D:5      | Found a burning altar of Makhleb.
  5098 | D:5      | 5098 ||| Stepping ~*~*~tactically~*~*~ (stealth).
  5113 | D:5      | 5113 ||| READING scroll labelled FOITROPLIK.
  5114 | D:5      | 5114 ||| READING 5 scrolls of identify.
  5114 | D:5      | 5114 ||| IDENTIFYING cyan potion
  5205 | D:6      | Reached skill level 9 in Axes
  5212 | D:6      | Found a staircase to the Ecumenical Temple.
  5213 | D:6      | 5213 ||| PLANNING TEMPLE
  5213 | D:6      | 5213 ||| READING 2 scrolls labelled MUDAHA XONKU.
  5314 | D:6      | 5314 ||| DROPPING scroll of silence.
  5321 | Temple   | Entered the Ecumenical Temple
  5343 | Temple   | 5343 ||| PLANNING D:1-11
  5405 | D:6      | 5405 ||| Stepping ~*~*~tactically~*~*~ (hiding).
  5562 | D:6      | 5562 ||| READING scroll labelled RIUSAWK KOPHE.
  5612 | D:6      | 5612 ||| Stepping ~*~*~tactically~*~*~ (hiding).
  5714 | D:6      | 5714 ||| Stepping ~*~*~tactically~*~*~ (hiding).
  5816 | D:6      | 5816 ||| Stepping ~*~*~tactically~*~*~ (hiding).
  6195 | D:6      | Found a bloodstained altar of Trog.
  6368 | D:6      | 6368 ||| Stepping ~*~*~tactically~*~*~ (stealth).
  6379 | D:6      | 6379 ||| Stepping ~*~*~tactically~*~*~ (stealth).
  6381 | D:6      | 6381 ||| Stepping ~*~*~tactically~*~*~ (stealth).
  6383 | D:6      | 6383 ||| Stepping ~*~*~tactically~*~*~ (stealth).
  6605 | D:6      | Found a glowing golden altar of the Shining One.
  6914 | D:7      | 6914 ||| Stepping ~*~*~tactically~*~*~ (hiding).
  6941 | D:7      | Reached skill level 10 in Axes
  7038 | D:7      | 7038 ||| Stepping ~*~*~tactically~*~*~ (stealth).
  7040 | D:7      | 7040 ||| Stepping ~*~*~tactically~*~*~ (stealth).
  7045 | D:7      | 7045 ||| Stepping ~*~*~tactically~*~*~ (stealth).
  7047 | D:7      | Reached XP level 9. HP: 52/52 MP: 13/13
  7052 | D:7      | Reached skill level 3 in Throwing
  7059 | D:7      | 7059 ||| FLEEEEING.
  7062 | D:7      | 7062 ||| FLEEEEING.
  7063 | D:7      | 7063 ||| FLEEEEING.
  7066 | D:7      | 7066 ||| FLEEEEING.
  7067 | D:7      | 7067 ||| FLEEEEING.
  7070 | D:7      | 7070 ||| FLEEEEING.
  7075 | D:7      | 7075 ||| FLEEEEING.
  7076 | D:7      | 7076 ||| STAIRDANCE
  7136 | D:7      | 7136 ||| STAIRDANCE
  7263 | D:7      | 7263 ||| DROPPING +0 flail.
  7334 | D:7      | 7334 ||| Stepping ~*~*~tactically~*~*~ (stealth).
  7336 | D:7      | 7336 ||| Stepping ~*~*~tactically~*~*~ (stealth).
  7338 | D:7      | 7338 ||| Stepping ~*~*~tactically~*~*~ (stealth).
  7340 | D:7      | 7340 ||| Stepping ~*~*~tactically~*~*~ (stealth).
  7342 | D:7      | 7342 ||| Stepping ~*~*~tactically~*~*~ (stealth).
  7527 | D:7      | 7527 ||| READING 6 scrolls of identify.
  7527 | D:7      | 7527 ||| IDENTIFYING silvery potion
  7528 | D:7      | 7528 ||| DROPPING potion of attraction.
  7529 | D:7      | 7529 ||| READING 4 scrolls of teleportation.
  7755 | D:7      | Noticed Maggie
  7765 | D:7      | HP: 12/53 [Maggie/bolt of fire (19)]
  7766 | D:7      | 7766 ||| READING 3 scrolls of teleportation.
  7767 | D:7      | 7767 ||| DRINKING potion of heal wounds.
  7960 | D:7      | 7960 ||| Stepping ~*~*~tactically~*~*~ (stealth).
  7961 | D:7      | 7961 ||| Stepping ~*~*~tactically~*~*~ (stealth).
  7982 | D:7      | Killed Maggie
  8038 | D:7      | 8038 ||| FLEEEEING.
  8152 | D:7      | 8152 ||| READING 2 scrolls of teleportation.
  8267 | D:7      | Found a shimmering altar of Xom.
  8282 | D:7      | 8282 ||| READING scroll of teleportation.
  8361 | D:8      | Noticed Pikel
  8362 | D:8      | 8362 ||| Stepping ~*~*~tactically~*~*~ (stealth).
  8368 | D:8      | Reached skill level 11 in Axes
  8380 | D:8      | Blown up by Pikel

Levels and vault maps discovered:
D:1:      zaba_arrival_water, layout_loops_ring,
          chequers_ecumenical_altar_lobes, serial_shops,
          nicolae_shop_hallway_stairs, lexackson_kobold_supper
D:2:      layout_rooms
D:3:      layout_loops_corners, pdpol_temple_overflow_zin_treasury_gozag_greed,
          nicolae_overflow_crystal_walls, serial_shops,
          nicolae_shop_overgrown_old_shop, kennysheep_boxes
D:4:      layout_basic, nemelex_diamond_rough_becter,
          mainiacjoe_overflow_catch_the_wave, minmay_quantized, uniq_duvessa
D:5:      layout_basic, cheibriados_altar_1, mainiacjoe_overflow_alcove_2,
          ebering_dispersal_statue_hall, nrook_pool_corridor
D:6:      layout_basic, lightli_temple_of_fire, marbit_many_paths,
          minmay_temple_entry_tees, serial_co_window_serial, co_window_corner_a,
          co_window_paths_b, co_window_corner_a, co_window_paths_a,
          co_window_paths_b, co_window_paths_b, co_window_corner_a,
          co_window_of_opportunity_b, co_window_2corner, co_window_2corner,
          co_window_cross_4, co_window_of_opportunity_b, glass_columns_b,
          glass_columns_a
D:7:      layout_loops_ring, tgw_xom, uniq_maggie
D:8:      layout_cave_pools, lemuel_doored_altar, minmay_lair_entry_grove,
          uniq_pikel
Temple:   hellmonk_temple_two_chambers

Skill      XL: |  1  2  3  4  5  6  7  8  9 |
---------------+----------------------------+-----
Axes           | 3 4 5 7 8 10 11 | 11.0
Shields        | 1 3 |  3.0
Fighting       | 3 4 5 |  5.0
Throwing       | 2 3 |  3.0
Dodging        | 3 4 |  4.1
Armour         | 2 |  2.1
Spellcasting   | |  2.0
Translocations | |  2.4

Action                   |  1- 3 |  4- 6 |  7- 9 || total
-------------------------+-------+-------+-------++-------
Melee: Hand axe          |    72 |   127 |   205 ||   404
       Peck              |    15 |    20 |    48 ||    83
       Kick              |    13 |    37 |    60 ||   110
Throw: Boomerang         |     7 |       |       ||     7
       Javelin           |       |       |    44 ||    44
  Use: Scroll            |     8 |     2 |    11 ||    21
       Potion            |     1 |     1 |     2 ||     4
Armor: Leather armour    |     7 |     9 |       ||    16
       Ring mail         |       |     9 |    43 ||    52
Dodge: Dodged            |    26 |    39 |    82 ||   147
Block: Other             |     7 |    13 |       ||    20
       Buckler           |       |    29 |    62 ||    91

Table legend:
 A = Non-vault XP
 B = Vault XP
 C = Vault XP percentage of total XP
 D = Non-vault monster count
 E = Vault monster count
 F = Vault count percentage of total count
                 A         B        C        D         E       F
            +---------+---------+-------+---------+---------+-------
      Total |    2602 |     810 |  23.7 |     106 |      20 |  15.9
            +---------+---------+-------+---------+---------+-------
        D:1 |      26 |      11 |  29.7 |      13 |       8 |  38.1
        D:2 |      26 |       0 |   0.0 |      12 |       0 |   0.0
        D:3 |     158 |       0 |   0.0 |      28 |       0 |   0.0
        D:4 |     376 |     234 |  38.4 |      12 |       7 |  36.8
        D:5 |     598 |       0 |   0.0 |      14 |       0 |   0.0
        D:6 |     608 |     116 |  16.0 |      14 |       1 |   6.7
        D:7 |     795 |     449 |  36.1 |      12 |       4 |  25.0
        D:8 |      15 |       0 |   0.0 |       1 |       0 |   0.0
            +---------+---------+-------+---------+---------+-------
